 Dungeon Crawl Stone Soup version 0.20-a0-2-g2b0e13a (webtiles) character file.

1343 gluemaker the Grappler (level 8, 0/78 HPs)
             Began as a Troll Berserker on Oct 30, 2016.
             Was a Priest of Trog.
             Slain by an orc warrior
             ... wielding a +0 hand axe
              (18 damage)
             ... on level 7 of the Dungeon.
             The game lasted 00:42:18 (4170 turns).

gluemaker the Grappler (Troll Berserker)            Turns: 4170, Time: 00:42:19

Health: 0/78       AC:  6    Str: 28    XL:     8   Next: 35%
Magic:  7/7        EV: 10    Int:  3    God:    Trog [***...]
Gold:   310        SH:  0    Dex:  9    Spells: 0 memorised, 7 levels left

rFire  . . .     SeeInvis .       - Unarmed
rCold  . . .     Gourm    +     a - +0 animal skin
rNeg   . . .     Faith    .     (no shield)
rPois  .         Spirit   .     (helmet restricted)
rElec  .         Reflect  .     h - +0 cloak
rCorr  .         Harm     .     (gloves unavailable)
MR     .....                    (boots unavailable)
Stlth  +.........               (no amulet)
                                (no ring)
                                (no ring)

@: no status effects
A: unfitting armour, claws 3, fast metabolism 3, gourmand, regeneration 1,
shaggy fur 1, tough skin 2
a: Berserk, Trog's Hand, Burn Spellbooks, Renounce Religion


You were on level 7 of the Dungeon.
You worshipped Trog.
Trog was most pleased with you.
You were not hungry.

You visited 2 branches of the dungeon, and saw 8 of its levels.

You collected 310 gold pieces.

Inventory:

Hand Weapons
 l - a +0 scythe
Armour
 a - a +0 animal skin (worn)
 h - a +0 cloak (worn)
Jewellery
 j - an uncursed amulet of regeneration {unknown}
Wands
 n - a wand of random effects (21/48)
Scrolls
 e - a scroll of identify {unknown}
 i - a scroll of noise {unknown}
 k - 2 scrolls of remove curse {unknown}
 m - a scroll of amnesia {unknown}
 o - a scroll of fog {unknown}
 p - a scroll of enchant armour {unknown}
 s - a scroll of teleportation {unknown}
Potions
 c - a potion of beneficial mutation {unknown}
 d - 2 potions of curing {unknown}
 g - 2 potions of haste
 q - a potion of cure mutation {unknown}
 t - a potion of cancellation {unknown}
Comestibles
 b - 8 bread rations
 f - a meat ration


   Skills:
 + Level 3.9 Fighting
 * Level 3.5 Armour
 - Level 2.4 Dodging
 + Level 8.9 Unarmed Combat


You had 7 spell levels left.
You didn't know any spells.

Dungeon Overview and Level Annotations

Branches:
Dungeon (7/15)             Temple (1/1) D:6

Altars:
Cheibriados
Gozag
Makhleb
Ru
Sif Muna
Trog
Uskayaw
Vehumet


Innate Abilities, Weirdness & Mutations

You are too large for most types of armour.
You have claws for hands.
Your metabolism is lightning-fast.
You like to eat raw meat.
Your natural rate of healing is unusually fast.
You are covered in fur. (AC +1)
You have very tough skin. (AC +2)


Message History

Trog accepts your kill.
The orc warrior hits you with a hand axe.
You claw the orc priest!
The orc priest is severely wounded.
The orc warrior hits you with a hand axe!
You claw the orc priest!
You kill the orc priest!
Trog accepts your kill. The orc warrior closely misses you.
The orc warrior hits you with a hand axe!
* * * LOW HITPOINT WARNING * * *
Things that are here:
a flail; an orc corpse; a scorpion corpse You scratch the orc warrior but do no damage.
The orc warrior is moderately wounded.
The orc warrior barely misses you.
You scratch the orc warrior.
The orc warrior is moderately wounded.
The orc warrior hits you with a hand axe!!
You die...

###.##.#####...
#...##.# #....#
#...##.# #....#
#...##.# #....#
#....#.# #....#
#....#.# #....#
#......# #.!..#
#...#..#####)##
#...#......o@#
#...#..#######
#####..# #..#
#..# #..# ##>#
###


You could see an orc warrior.

Vanquished Creatures
  Sigmund (D:3)
  Menkaure (D:6)
  An orc warrior (D:6)
  A phantom (D:4)
  2 ogres
  2 centaurs
  Blork the orc (D:4)
  A scorpion (D:7)
  A hound (D:7)
  An orc wizard (D:5)
  A jelly (D:7)
  2 orc priests
  2 bullfrog skeletons (D:6)
  An iguana (D:6)
  3 worker ants
  4 gnolls (D:6)
  6 adders
  A shadow imp (D:4)
  2 worms
  An adder skeleton (D:4)
  2 dart slugs (D:1)
  A leopard gecko (D:6)
  6 orcs
  4 bats
  3 giant cockroaches
  6 goblins
  3 hobgoblins (D:1)
  6 jackals
  A quokka (D:6)
  2 ball pythons
  3 frilled lizards
  A giant cockroach zombie (D:5)
  6 kobolds
  6 rats
  A bush (D:2)
86 creatures vanquished.

Notes
Turn   | Place    | Note
-------+----------+-------------------------------------------
     0 | D:1      | gluemaker the Troll Berserker began the quest for the Orb.
     0 | D:1      | Reached XP level 1. HP: 22/22 MP: 0/0
   179 | D:1      | Reached XP level 2. HP: 29/29 MP: 1/1
   589 | D:2      | Reached XP level 3. HP: 36/36 MP: 2/2
   719 | D:2      | Found a sacrificial altar of Ru.
   727 | D:2      | Reached ** piety under Trog
   943 | D:2      | Reached skill level 1 in Armour
   951 | D:2      | Reached skill level 4 in Unarmed Combat
  1195 | D:1      | Reached XP level 4. HP: 45/45 MP: 3/3
  1381 | D:3      | Noticed Sigmund
  1391 | D:3      | Killed Sigmund
  1391 | D:3      | Reached skill level 5 in Unarmed Combat
  1391 | D:3      | Reached XP level 5. HP: 53/53 MP: 4/4
  1963 | D:4      | Noticed Blork the orc
  1966 | D:4      | Noticed an ogre
  1973 | D:4      | Killed Blork the orc
  1973 | D:4      | Reached XP level 6. HP: 55/61 MP: 5/5
  2076 | D:4      | Reached skill level 6 in Unarmed Combat
  2254 | D:5      | Entered Level 5 of the Dungeon
  2262 | D:5      | Reached XP level 7. HP: 49/67 MP: 6/6
  2352 | D:5      | Found a deep blue altar of Sif Muna.
  2557 | D:5      | Reached *** piety under Trog
  2777 | D:6      | Noticed Menkaure
  2784 | D:6      | Killed Menkaure
  2784 | D:6      | Reached skill level 7 in Unarmed Combat
  3011 | D:6      | Found a staircase to the Ecumenical Temple.
  3420 | D:6      | Reached skill level 8 in Unarmed Combat
  3424 | D:6      | Reached XP level 8. HP: 36/78 MP: 7/7
  3847 | Temple   | Entered the Ecumenical Temple
  4170 | D:7      | Slain by an orc warrior

Vault maps used:
D:1:      matt_arrival_spirals
D:2:      first_bread, serial_forest, infiniplex_forest_straight_2,
          infiniplex_forest_clump_medium, infiniplex_forest_straight_5,
          infiniplex_forest_clump_small, infiniplex_forest_clump_small,
          infiniplex_forest_pool, infiniplex_forest_lined_2,
          hangedman_ru_absence
D:3:      gup_sewer_entry_bowl, minmay_tree_intersection, uniq_sigmund,
          uniq_crazy_yiuf_cottage
D:4:      uniq_blork_the_orc
D:5:      led_sif_book, uniq_edmund
D:6:      uniq_menkaure
Temple:   roderic_octagonal_lattice_temple

Skill      XL: |  1  2  3  4  5  6  7 |
---------------+----------------------+-----
Fighting       | 3 |  3.9
Armour         | 1 2 3 |  3.5
Unarmed Combat | 4 5 6 8 |  8.9
Dodging        | |  2.4

Action                   |  1- 3 |  4- 6 |  7- 9 || total
-------------------------+-------+-------+-------++-------
Melee: Unarmed           |   139 |    56 |    91 ||   286
       Punch             |     4 |     1 |     2 ||     7
Invok: Berserk           |       |     2 |     1 ||     3
       Burn Spellbooks   |       |     1 |     1 ||     2
  Eat: Chunk             |     8 |    19 |     8 ||    35
       Beef jerky        |       |       |     1 ||     1
       Meat ration       |       |       |     1 ||     1
Armor: Animal skin       |    43 |     9 |    24 ||    76
Dodge: Dodged            |    45 |    24 |    30 ||    99
